 Dungeon Crawl Stone Soup version 0.22-a0-402-ga933591 (webtiles) character file.

76577 Kairos the Severer (level 15, -12/79 HPs)
             Began as a Vine Stalker Fighter on May 6, 2018.
             Was the Champion of Okawaru.
             Collided with a rock wall (23 damage)
             ... caused by Bai Suzhen
             ... on level 2 of the Spider Nest.
             The game lasted 00:53:46 (19033 turns).

Kairos the Severer (Vine Stalker Fighter)          Turns: 19033, Time: 00:53:46

Health: -12/79     AC: 18    Str: 26    XL:     15   Next: 54%
Magic:  0/17       EV: 21    Int:  8    God:    Okawaru [******]
Gold:   1139       SH: 21    Dex: 22    Spells: 14/14 levels left

rFire    . . .     SeeInvis .   a - +5 broad axe (flame)
rCold    . . .     Gourm    .   S - +4 shield of Conscience {MR+}
rNeg     . . .     Faith    .   W - +3 ring mail {MR+}
rPois    +         Spirit   +   P - +2 hat
rElec    .         Reflect  +   M - +0 cloak
rCorr    .         Harm     .   i - +1 pair of gloves {Dex+3}
MR       +++..                  p - +0 pair of boots
Stlth    ++++......             E - +2 amulet of reflection
HPRegen  1.03/turn              F - ring of poison resistance
MPRegen  0.15/turn              j - +6 ring of dexterity

@: heroism
A: fangs 3, regeneration 2, magic shield, antimagic bite, no potion heal 3, rot
immunity
a: Heroism, Finesse, Renounce Religion


You were on level 2 of the Spider Nest.
You worshipped Okawaru.
Okawaru was exalted by your worship.
You were not hungry.

You visited 4 branches of the dungeon, and saw 18 of its levels.
You also visited: Labyrinth, Sewer and Ice Cave.

You collected 1139 gold pieces.

Inventory:

Hand Weapons
 a - a +5 broad axe of flaming (weapon)
 q - the +1 war axe "Impbane" {freeze, +Blink Str+5}
   (Okawaru gifted it to you on level 4 of the Lair of Beasts)

   It has been specially enchanted to freeze those struck by it, causing extra
   injury to most foes and up to half again as much damage against particularly
   susceptible opponents.
   It can also slow down cold-blooded creatures.
   It affects your strength (+5).
   It lets you blink.
 V - the +1 broad axe "Laog Demne" {speed, rElec Int+4}
   (Okawaru gifted it to you on level 1 of the Lair of Beasts)

   Attacks with this weapon are significantly faster.
   It affects your intelligence (+4).
   It insulates you from electricity.
Missiles
 Z - 12 javelins of penetration (quivered)
Armour
 i - a +1 pair of gloves of dexterity (worn)
 p - a +0 pair of boots (worn)
 M - a +0 cloak (worn)
 P - a +2 hat (worn)
 S - the +4 shield of Conscience (worn) {MR+}
   (Okawaru gifted it to you in an ice cave)

   It affects your resistance to hostile enchantments.
 W - a +3 ring mail of magic resistance (worn)
Jewellery
 j - a +6 ring of dexterity (right hand)
 n - an uncursed amulet of the acrobat
 E - a +2 amulet of reflection (around neck)
 F - a ring of poison resistance (left hand)
 H - an uncursed amulet of regeneration
 R - an uncursed ring of resist corrosion
 Y - an uncursed ring of protection from fire
Wands
 b - a wand of acid (8)
 L - a wand of clouds (5)
 N - a wand of iceblast (33)
 Q - a wand of scattershot (5)
 U - a wand of digging (12)
Scrolls
 c - 2 scrolls of enchant armour {unknown}
 h - 9 scrolls of teleportation
 k - 3 scrolls of immolation
 m - 3 scrolls of amnesia
 o - 5 scrolls of remove curse
 t - a scroll of torment {unknown}
 u - 5 scrolls of blinking {unknown}
 y - 8 scrolls of fog
 z - 8 scrolls of magic mapping
 A - 2 scrolls of fear
 B - 2 scrolls of holy word {unknown}
 G - 3 scrolls of acquirement
 I - a scroll of vulnerability {unknown}
 O - a scroll of summoning {unknown}
Potions
 d - 5 potions of might
 e - 3 potions of mutation
 l - 8 potions of curing
 r - 3 potions of flight
 s - a potion of cancellation
 v - 9 potions of haste
 w - 3 potions of magic
 x - a potion of agility {unknown}
 C - 2 potions of berserk rage {unknown}
 D - 3 potions of lignification {unknown}
 J - 2 potions of degeneration {unknown}
 K - 2 potions of resistance {unknown}
 T - 2 potions of invisibility {unknown}
 X - a potion of brilliance
Miscellaneous
 g - a fan of gales
Comestibles
 f - 35 rations


   Skills:
 + Level 9.6(14.6) Fighting
 * Level 17.1(22.1) Axes
 + Level 7.6(12.6) Armour
 + Level 6.0(11.0) Dodging
 + Level 4.8(9.8) Stealth
 + Level 10.6(15.6) Shields
 + Level 1.6 Invocations
 + Level 0.8 Evocations


You had 14 spell levels left.
You didn't know any spells.

Dungeon Overview and Level Annotations

Branches:
Dungeon (8/15)             Temple (1/1) D:4            Lair (6/6) D:8
 Shoals (0/4) Lair:3       Spider (3/4) Lair:2        Slime (0/5) Lair:5

Altars:
Dithmenos
Elyvilon
Fedhas
Kikubaaqudgha
Nemelex Xobeh
Okawaru
Qazlal
Ru
Sif Muna
Trog
Uskayaw
Xom
Zin

Annotations:
D:8 1 runed door
Spider:2 Bai Suzhen


Innate Abilities, Weirdness & Mutations

You have razor-sharp teeth.
You heal very quickly.
When hurt, damage is shared between your health and your magic reserves.
Your bite disrupts and absorbs the magic of your enemies.
Potions cannot restore your health.
You are immune to rotting.


Message History

You block the three-headed hydra's attack.
The orb of destruction hits the three-headed hydra.
The three-headed hydra is blown up!
The three-headed hydra's corpse disappears in a puff of smoke!
An orb spider comes into view.
There is a stone staircase leading up, spattered with blood here.
You are standing in a thunderstorm.
Bai Suzhen closely misses you. You block Bai Suzhen's attack.
Bai Suzhen tramples you but does no damage.
You climb upwards.
There is a stone staircase leading down here.
You hit Bai Suzhen but do no damage. You bite Bai Suzhen. You drain her power.
You feel invigorated.
Bai Suzhen is severely wounded.
Bai Suzhen breathes water at you. The torrent of water hits you!
* * * LOW HITPOINT WARNING * * *
You are knocked back by the torrent of water.
You slam into the rock wall!
You die...

#.....#...###...#.....
###..#........#.##.....
#......###^...>.#...###
#..#...../.............
####......##.....#.#^..
#..#......#.###..####..
##.....#.##^......##..#
#...#.D^#.......##...#
##...#@#.#.#..#.#....#.
#..##########.#...#^.##
#### ####...#..#.
#.^..###..#.
###........#.
#......#..#..
##...#^.#....#
#...##..#..###
###.....#..##.


You could see Bai Suzhen.

Vanquished Creatures
  A ghost moth (Spider:2)
  The ghost of George the Carver, a journeyman MiFi of the Shining One (Lair:5)
  An entropy weaver (Spider:1)
  A minotaur (Lab)
  A spark wasp (Spider:3)
  Harold (Lair:1)
  A merfolk avatar (Lair:6)
  3 hydras
  12 death yaks
  2 two-headed ogres (D:8)
  Nergalle (Lair:1)
  2 harpies (Lair:6)
  9 orb spiders
  A necromancer (IceCv)
  19 wolf spiders
  2 manticores (Lair:6)
  2 ice statues (IceCv)
  6 elephants (Lair:6)
  4 black mambas
  A merfolk siren (Lair:3)
  8 spiny frogs
  The ghost of azzavlup the Carver, a novice DsAK of Lugonu (D:5)
  2 rime drakes (Lair:6)
  9 komodo dragons
  11 demonic crawlers
  11 ice devils
  16 jumping spiders
  5 hornets
  2 polar bears (Lair:6)
  7 dream sheep (Lair:6)
  8 blink frogs
  10 hippogriffs
  A spriggan (Lair:5)
  38 redbacks
  A human (D:7)
  13 tarantellas
  2 wyverns
  A hungry ghost (D:8)
  4 hogs (D:7)
  34 yaks
  A basilisk (Lair:4)
  Menkaure (D:7)
  2 wargs
  12 water moccasins
  9 porcupines
  3 phantoms
  An orc warrior (D:7)
  An ice beast (D:4)
  2 sky beasts
  A black bear (D:7)
  4 ogres
  The ghost of erloom the Insei, an amateur DsTm (D:3)
  A centaur (D:6)
  17 crocodiles
  2 big kobolds (D:8)
  10 bullfrogs
  A wyvern zombie (D:7)
  A scorpion (D:4)
  A water moccasin skeleton (D:8)
  6 killer bees (D:8)
  An electric eel (Lair:5)
  4 crimson imps
  3 howler monkeys
  4 draconian simulacra (IceCv)
  3 orc priests
  3 hounds
  Crazy Yiuf (D:7)
  6 iguanas
  A centaur skeleton (D:8)
  6 orc wizards
  A killer bee zombie (D:8)
  A troll simulacrum (IceCv)
  7 worker ants
  A spriggan simulacrum (IceCv)
  3 centaur simulacra (IceCv)
  A hound skeleton (D:7)
  4 gnolls
  6 river rats (Sewer)
  15 adders
  An ogre simulacrum (IceCv)
  3 shadow imps
  3 oozes
  2 adder skeletons
  3 worms
  6 leopard geckos
  30 orcs
  10 giant cockroaches
  10 goblins
  6 hobgoblins
  17 jackals
  4 quokkas
  11 ball pythons (Sewer)
  7 bats
  3 frilled lizards
  22 kobolds
  A leopard gecko skeleton (D:4)
  26 rats
  2 fungi (Lair:6)
  2 plants
572 creatures vanquished.

Vanquished Creatures (others)
  A centaur (D:6)
  A fungus (Lair:6)
  5 plants
7 creatures vanquished.

Grand Total: 579 creatures vanquished

Notes
Turn   | Place    | Note
-------+----------+-------------------------------------------
     0 | D:1      | Kairos the Vine Stalker Fighter began the quest for the Orb.
     0 | D:1      | Reached XP level 1. HP: 11/11 MP: 2/2
    61 | D:1      | Reached XP level 2. HP: 14/16 MP: 3/3
   102 | D:1      | Reached skill level 2 in Axes
   655 | D:1      | Reached XP level 3. HP: 3/19 MP: 1/4
  1348 | D:2      | Gained mutation: Your natural rate of healing is unusually fast. [Vine Stalker growth]
  1348 | D:2      | Reached XP level 4. HP: 11/23 MP: 5/5
  2214 | D:3      | Noticed erloom's ghost (amateur DsTm)
  2284 | D:3      | Reached XP level 5. HP: 28/28 MP: 6/6
  2346 | D:3      | Reached skill level 1 in Dodging
  2434 | D:3      | Found a glowing drain.
  2451 | Sewer    | Entered a sewer
  2471 | Sewer    | Reached skill level 3 in Axes
  2728 | Sewer    | Reached XP level 6. HP: 22/32 MP: 5/7
  2930 | Sewer    | Reached skill level 4 in Axes
  2965 | D:3      | Killed erloom's ghost
  2965 | D:3      | Reached XP level 7. HP: 36/36 MP: 8/8
  3034 | D:3      | Found a shimmering altar of Xom.
  3599 | D:4      | Reached skill level 5 in Axes
  3599 | D:4      | Reached skill level 1 in Stealth
  3599 | D:4      | Gained mutation: You have razor-sharp teeth. [Vine Stalker growth]
  3599 | D:4      | Reached XP level 8. HP: 20/42 MP: 6/9
  3734 | D:4      | Found a staircase to the Ecumenical Temple.
  3746 | Temple   | Entered the Ecumenical Temple
  3749 | Temple   | Became a worshipper of Warmaster Okawaru
  4365 | D:5      | Entered Level 5 of the Dungeon
  4945 | D:5      | Noticed azzavlup's ghost (novice DsAK)
  4965 | D:5      | Killed azzavlup's ghost
  4965 | D:5      | Reached skill level 6 in Axes
  4965 | D:5      | Reached skill level 5 in Shields
  5281 | D:6      | Reached XP level 9. HP: 32/46 MP: 5/10
  5374 | D:6      | Reached * piety under Okawaru
  5450 | D:6      | Reached skill level 5 in Fighting
  5450 | D:6      | Reached skill level 7 in Axes
  6312 | D:7      | Reached ** piety under Okawaru
  6312 | D:7      | Reached skill level 5 in Armour
  6529 | D:7      | Reached skill level 8 in Axes
  6531 | D:7      | Reached XP level 10. HP: 43/51 MP: 8/11
  6719 | D:7      | Noticed Menkaure
  6727 | D:7      | Killed Menkaure
  6896 | D:7      | Found a runed door.
  6968 | D:7      | Noticed Crazy Yiuf
  6973 | D:7      | Killed Crazy Yiuf
  7215 | D:8      | Reached *** piety under Okawaru
  7282 | D:8      | Found a glowing silver altar of Zin.
  7282 | D:8      | Found a runed door.
  7282 | D:8      | Noticed an angel
  7290 | D:8      | Noticed a two-headed ogre
  7299 | D:8      | Killed a two-headed ogre
  7299 | D:8      | Reached skill level 9 in Axes
  7440 | D:8      | Reached **** piety under Okawaru
  7595 | D:8      | Found a staircase to the Lair.
  7920 | D:8      | Noticed a two-headed ogre
  7929 | D:8      | Killed a two-headed ogre
  7929 | D:8      | Reached XP level 11. HP: 30/56 MP: 9/12
  8282 | D:8      | Identified 2 scrolls of acquirement
  8307 | Lair:1   | Entered Level 1 of the Lair of Beasts
  8348 | Lair:1   | Reached skill level 10 in Axes
  8681 | Lair:1   | Reached ***** piety under Okawaru
  8790 | Lair:1   | Noticed Harold
  8805 | Lair:1   | Killed Harold
  8805 | Lair:1   | Received a gift from Okawaru
  8808 | Lair:1   | Got a warped broad axe {god gift}
  8822 | Lair:1   | Identified the +1 broad axe "Laog Demne" {speed, rElec Int+4} (Okawaru gifted it to you on level 1 of the Lair of Beasts)
  9087 | Lair:1   | Noticed Nergalle
  9105 | Lair:1   | Killed Nergalle
  9220 | Lair:1   | Reached skill level 11 in Axes
  9415 | Lair:2   | Found a frozen archway.
  9426 | Lair:2   | HP: 2/58 [ice devil (13)]
  9523 | IceCv    | Entered an ice cave
  9601 | IceCv    | Gained mutation: You heal very quickly. [Vine Stalker growth]
  9601 | IceCv    | Reached XP level 12. HP: 47/63 MP: 13/13
  9734 | IceCv    | Received a gift from Okawaru
  9864 | IceCv    | Got a transparent shield {god gift}
  9876 | IceCv    | Identified the +4 shield of Conscience {MR+} (Okawaru gifted it to you in an ice cave)
 10506 | IceCv    | Reached skill level 12 in Axes
 10515 | IceCv    | Reached skill level 1 in Invocations
 10671 | Lair:2   | Found a hole to the Spider Nest.
 11366 | Lair:3   | Reached skill level 5 in Dodging
 11583 | Lair:3   | Found a staircase to the Shoals.
 12175 | Lair:4   | Noticed a six-headed hydra
 12221 | Lair:3   | Killed a six-headed hydra
 12221 | Lair:3   | Received a gift from Okawaru
 12221 | Lair:3   | Reached skill level 13 in Axes
 12310 | Lair:4   | Noticed a death yak
 12311 | Lair:4   | Noticed a death yak
 12312 | Lair:4   | Noticed a death yak
 12313 | Lair:4   | Noticed a death yak
 12315 | Lair:4   | Noticed a death yak
 12325 | Lair:4   | Killed a death yak
 12325 | Lair:4   | Reached XP level 13. HP: 67/67 MP: 15/15
 12737 | Lair:4   | Received a gift from Okawaru
 12768 | Lair:4   | Got a brightly glowing war axe {god gift}
 12769 | Lair:4   | Identified the +1 war axe "Impbane" {freeze, +Blink Str+5} (Okawaru gifted it to you on level 4 of the Lair of Beasts)
 13424 | Lair:5   | Reached skill level 14 in Axes
 13454 | Lair:5   | Noticed George's ghost (journeyman MiFi)
 13478 | Lair:5   | Killed George's ghost
 13898 | Lair:5   | Found a staircase to the Slime Pits.
 14272 | Lair:6   | Entered Level 6 of the Lair of Beasts
 14281 | Lair:6   | Received a gift from Okawaru
 14483 | Lair:6   | Found a labyrinth entrance.
 14538 | Lab      | Entered a labyrinth
 14895 | Lab      | Noticed a minotaur
 14906 | Lab      | Killed a minotaur
 14908 | Lab      | Got a heavily runed steel ring
 14910 | Lab      | Identified the Almanac of the Lethal Escort
 14931 | Lab      | Identified the ring of Cianauwaqi {Fire rElec Int+3} (You took it off a minotaur in a labyrinth)
 14981 | Lair:6   | Reached skill level 15 in Axes
 15003 | Lair:6   | Reached XP level 14. HP: 74/74 MP: 16/16
 15295 | Lair:6   | Reached ****** piety under Okawaru
 15484 | Lair:6   | Received a gift from Okawaru
 16119 | Spider:1 | Entered Level 1 of the Spider Nest
 16136 | Spider:1 | HP: 3/74 [demonic crawler (8)]
 16666 | Spider:1 | Noticed an entropy weaver
 16685 | Spider:1 | Killed an entropy weaver
 16685 | Spider:1 | Reached skill level 16 in Axes
 16789 | Spider:1 | Received a gift from Okawaru
 17161 | Spider:1 | Reached skill level 10 in Shields
 17469 | Spider:1 | Reached XP level 15. HP: 25/79 MP: 12/17
 17998 | Spider:2 | Killed a ghost moth
 18530 | Spider:3 | Received a gift from Okawaru
 18819 | Spider:3 | Reached skill level 17 in Axes
 19014 | Spider:3 | Noticed Bai Suzhen
 19033 | Spider:2 | Collided with a rock wall

Vault maps used:
D:1:      scummos_arrival_forest, roderic_nine_men_s_morris
D:2:      first_ration
D:3:      portal_sewer_entry_f, xom_teletrap_fun
D:4:      minmay_temple_entry_statues_pillars
D:6:      nicolae_whirlpool
D:7:      grunt_livestock, uniq_menkaure, uniq_crazy_yiuf_cottage
D:8:      erik_lair_orcish_takeover, grunt_ministairs_10, lemuel_angel_altar
Temple:   dpeg_three_leaves_temple
Lair:1:   beast_lair_carwin_7, grunt_megastairs_3, uniq_nergalle, uniq_harold
Lair:2:   spider_nest_entry_web_field, portal_ice_cave_demonic_guard
Lair:3:   minmay_shoals_entry_lonely_mermaid
Lair:5:   dpeg_slime_entry_corner, grunt_forest_large_clearing_hut,
          serial_bayou_shore_a, infiniplex_staircase_pool_2
Lair:6:   gammafunk_lair_ancient_temple, lab_entry_generic
Spider:2: nicolae_spider_nook
Spider:3: uniq_bai_suzhen
Lab:      labyrinth_watery, lab_block
Sewer:    sewer_minmay_w
IceCv:    ice_cave_tombish

Skill      XL: |  1  2  3  4  5  6  7  8  9 10 11 12 13 14 15 |
---------------+----------------------------------------------+-----
Axes           | 2 3 4 5 6 8 9 11 13 15 16 17 | 17.1
Shields        | 3 4 5 6 7 8 9 10 | 10.6
Armour         | 3 4 5 6 7 |  7.6
Dodging        | 1 2 4 5 6 |  6.0
Fighting       | 3 4 5 6 7 8 9 |  9.6
Stealth        | 1 3 4 |  4.8
Invocations    | 1 |  1.6
Evocations     | |  0.8

Action                   |  1- 3 |  4- 6 |  7- 9 | 10-12 | 13-15 || total
-------------------------+-------+-------+-------+-------+-------++-------
Melee: War axe           |    87 |   161 |   274 |   290 |       ||   812
       Bite              |    28 |    41 |   113 |   296 |   430 ||   908
       Broad axe         |       |       |       |   326 |   848 ||  1174
Invok: Heroism           |       |       |       |    13 |     8 ||    21
Evoke: Wand              |       |       |       |     6 |       ||     6
  Use: Scroll            |       |     5 |     2 |     9 |    13 ||    29
       Potion            |       |     1 |       |       |     2 ||     3
 Stab: Sleeping          |       |       |       |     4 |     7 ||    11
       Distracted        |       |       |       |       |     1 ||     1
  Eat: Chunk             |     1 |     6 |     9 |    13 |    10 ||    39
       Ration            |       |       |     1 |     2 |     4 ||     7
Armor: Scale mail        |    42 |   101 |    75 |    34 |       ||   252
       Chain mail        |       |       |       |    35 |       ||    35
       Ring mail         |       |       |       |    42 |   196 ||   238
Dodge: Dodged            |    17 |    83 |    78 |   157 |   261 ||   596
Block: Shield            |    50 |   149 |   199 |   318 |   616 ||  1332
       Reflection        |       |       |    12 |       |       ||    12

Table legend:
 A = Spawn XP
 B = Non-spawn XP
 C = Spawn XP percentage of total XP
 D = Spawn monster count
 E = Non-spawn monster count
 F = Spawn count percentage of total count
 G = Total turns spent on level
                    A         B        C        D         E        F      G
               +---------+---------+-------+---------+---------+-------+---------
         Total |       0 |  109396 |   0.0 |       0 |     569 |   0.0 | 19033
               +---------+---------+-------+---------+---------+-------+---------
           D:1 |       0 |      46 |   0.0 |       0 |      21 |   0.0 |  1180
           D:2 |       0 |      68 |   0.0 |       0 |      23 |   0.0 |   936
           D:3 |       0 |     334 |   0.0 |       0 |      40 |   0.0 |   676
           D:4 |       0 |     632 |   0.0 |       0 |      21 |   0.0 |  1055
           D:5 |       0 |     766 |   0.0 |       0 |      10 |   0.0 |   857
           D:6 |       0 |    1041 |   0.0 |       0 |      18 |   0.0 |   891
           D:7 |       0 |    2498 |   0.0 |       0 |      35 |   0.0 |   979
           D:8 |       0 |    4039 |   0.0 |       0 |      54 |   0.0 |  1215
        Lair:1 |       0 |    6584 |   0.0 |       0 |      27 |   0.0 |  1006
        Lair:2 |       0 |    5033 |   0.0 |       0 |      22 |   0.0 |  1359
        Lair:3 |       0 |    3280 |   0.0 |       0 |      15 |   0.0 |   809
        Lair:4 |       0 |    8855 |   0.0 |       0 |      23 |   0.0 |  1329
        Lair:5 |       0 |    8382 |   0.0 |       0 |      21 |   0.0 |   894
        Lair:6 |       0 |   20636 |   0.0 |       0 |      56 |   0.0 |  1333
      Spider:1 |       0 |   17651 |   0.0 |       0 |      47 |   0.0 |  1323
      Spider:2 |       0 |   10435 |   0.0 |       0 |      25 |   0.0 |   611
      Spider:3 |       0 |   12673 |   0.0 |       0 |      40 |   0.0 |   610
           Lab |       0 |    1177 |   0.0 |       0 |       1 |   0.0 |   403
         Sewer |       0 |     381 |   0.0 |       0 |      48 |   0.0 |   511
         IceCv |       0 |    4885 |   0.0 |       0 |      22 |   0.0 |  1049
               +---------+---------+-------+---------+---------+-------+---------
